 Dungeon Crawl Stone Soup version 0.29.0-4-gdea44cf6ec (webtiles) character file.

Game seed: 6771482256608795507

25785 qw the Brawler (level 12, -1/118 HPs)
             Began as a Troll Cinder Acolyte on Sept 1, 2022.
             Was a Believer of Ignis.
             Slain by a bog body (16 damage)
             ... on level 2 of the Lair of Beasts.
             The game lasted 00:06:11 (11252 turns).

qw the Brawler (Troll Cinder Acolyte)              Turns: 11252, Time: 00:06:11

Health: -1/118     AC: 22    Str: 35    XL:     12   Next: 92%
Magic:  12/12      EV:  8    Int: 14    God:    Ignis [**....]
Gold:   908        SH:  0    Dex:  5    Spells: 13/13 levels left

rFire   + + +      SeeInvis +     - Unarmed
rCold   x . .      Faith    .   (no shield)
rNeg    . . .      Spirit   .   s - +2 fire dragon scales "Zaziatz" {Drain rF++ rC- Will+ Int+4}
rPois   +          Reflect  .   u - +2 hood of the Assassin {Detection Stab+ Stlth++}
rElec   .          Harm     .   (no cloak)
rCorr   .          Rampage  +   (gloves unavailable)
Will    ++...                   (boots unavailable)
Stlth   +.........              t - amulet of the Lion {RegenMP Rampage SInv}
HPRegen 1.09/turn               o - ring of poison resistance
MPRegen 0.53/turn               g - +6 ring of strength

@: about to teleport, fiery-armoured
A: large, unfitting armour, claws 3, regeneration 1, shaggy fur 1, tough skin 1,
strong-willed 1
a: Renounce Religion, Fiery Armour, Foxfire Swarm, Rising Flame


You were on level 2 of the Lair of Beasts.
You worshipped Ignis.
Ignis was pleased with you.
You visited 2 branches of the dungeon, and saw 13 of its levels.

You collected 963 gold pieces.
You spent 55 gold pieces at shops.


Innate Abilities, Weirdness & Mutations

You are too large for most types of armour.
You have claws for hands.
Your natural rate of healing is unusually fast.
You are covered in fur. (AC +1)
You have tough skin. (AC +1)
You are strong-willed. (Will+)


   Skills:
 + Level 7.1 Fighting
 - Level 7.0 Throwing
 - Level 4.2 Armour
 - Level 2.3 Dodging
 - Level 18.0 Unarmed Combat
 - Level 1.0 Spellcasting
 - Level 2.1 Fire Magic


You had 13 spell levels left.
You didn't know any spells.
Your spell library contained the following spells:

 Spells                   Type           Power      Damage    Failure   Level
 Scorch                   Fire           12%        2d5       32%         2

Inventory:

Missiles
 a - 10 boomerangs
 b - 5 javelins
 d - 10 large rocks (quivered)
Armour
 s - the +2 fire dragon scales "Zaziatz" (worn) {Drain rF++ rC- Will+ Int+4}
   (You found it on level 10 of the Dungeon)

   Int:       It affects your intelligence (+4).
   rF:        It greatly protects you from fire.
   rC:        It makes you vulnerable to cold.
   Drain:     It drains your maximum health when unequipped.
   Will:      It increases your willpower.
 u - the +2 hood of the Assassin (worn) {Detection Stab+ Stlth++}
   (You acquired it on level 1 of the Lair of Beasts)

   It allows the wearer to sense nearby creatures.
   It allows the wearer to make particularly effective stabbing attacks against
   helpless or unaware enemies with any weapon.
   Stlth:     It makes you much more stealthy.
Jewellery
 g - a +6 ring of strength (right claw)
 l - a ring of positive energy
 m - a ring of fire
 n - a ring of resist corrosion
 o - a ring of poison resistance (left claw)
 p - a ring of protection from cold
 t - the amulet of the Lion (around neck) {RegenMP Rampage SInv}
   (You found it on level 10 of the Dungeon)

   [amulet of magic regeneration]

   It increases your rate of magic regeneration.
   SInv:      It lets you see invisible.
   Rampage:   It bestows one free step when moving towards enemies.
 v - an amulet of regeneration
Wands
 f - a wand of digging (8)
Scrolls
 e - 2 scrolls of identify
 i - 4 scrolls of enchant weapon
 w - 2 scrolls of teleportation
Potions
 c - 2 potions of haste
 h - 3 potions of curing
 j - a potion of invisibility {unknown}
 k - 2 potions of mutation
 q - a potion of ambrosia {unknown}
 r - a potion of berserk rage {unknown}

Dungeon Overview and Level Annotations

Branches:
Dungeon (11/15)            Temple (0/1) D:7            Lair (2/5) D:11
  Swamp (0/4) Lair:2       Spider (0/4) Lair:2          Orc (0/2) D:10

Altars:
Ashenzari
Fedhas
Gozag
Hepliaklqana
Kikubaaqudgha
Qazlal
Ru
Vehumet
Wu Jian
Xom
Zin
The Shining One

Shops:
D:4 ?   D:10 (

Portals:
Bailey: D:9


Message History

The swamp worm bites you but does no damage.
The swamp worm is burned by your cloak of flames.
The swamp worm is lightly wounded.
The swamp worm fires a harpoon shot at you.
The harpoon shot hits you.
You are yanked forward by the harpoon shot.
You closely miss the swamp worm. You closely miss the swamp worm.
The swamp worm bites you!
The swamp worm is burned by your cloak of flames.
The swamp worm is lightly wounded.
The bog body gestures at you while chanting.
You resist with almost no effort.
You miss the swamp worm. You claw the swamp worm!!
The swamp worm is severely wounded.
The swamp worm fires a harpoon shot at you.
The harpoon shot hits you but does no damage.
The swamp worm bites you!
The swamp worm is burned by your cloak of flames.
The swamp worm is severely wounded.
11250 ||| READING 3 scrolls of teleportation.
As you read the scroll of teleportation, it crumbles to dust.
You feel strangely unstable. The swamp worm bites you.
The swamp worm is burned by your cloak of flames.
The swamp worm is almost dead.
The bog body points at you and mumbles some strange words.
The bolt of cold hits you.
You feel a terrible chill!
You barely miss the swamp worm. Your claw misses the swamp worm.
The swamp worm is almost dead.
The swamp worm bites you but does no damage.
The swamp worm is burned by your cloak of flames.
You kill the swamp worm!
The swamp worm bites you but does no damage.
The swamp worm is burned by your cloak of flames.
The swamp worm is moderately wounded.
You barely miss the swamp worm.
The swamp worm is moderately wounded.
The bog body touches you! The bog body freezes you!
You feel a terrible chill!
You die...

#...##.......[......##
#..........#.........##
##.........#........#.####
#...#.#.............###.# ###
#...###..7P........#..#.## ###.#
#...# #.##77777777.......##
#P.####...# 77777777777777777...#
..........777~¤¤7¤~~~~~~~~~~777..
...........77~¤¤@wn............}.
>.....#....77~¤¤n7...7.....7...}.
......#....77¤¤¤S~~~~~~~7~~~777..
......#....#77777777777777777...P
....)......# 7......##.
......#....# ###..#.#P.
......#....# #P......
#P^###.....# ##.P.#.P ####
#P....## ###..###.#


You could see 2 bog bodies, a swamp worm and an electric eel.

Vanquished Creatures
  2 hydras
  Erolcha (D:9)
  A two-headed ogre (D:11)
  2 spectral boulder beetles (D:10)
  A manticore (D:11)
  3 cyclopes (D:11)
  A black mamba (Lair:2)
  Joseph (D:8)
  3 centaur skeletons (D:10)
  A gargoyle (D:10)
  4 cane toads
  An unseen horror skeleton (D:10)
  4 komodo dragons
  A hornet (D:10)
  3 trolls
  A polar bear (Lair:2)
  Prince Ribbit (D:8)
  2 spectral black mambas (D:10)
  10 flying skulls (D:10)
  Sigmund (D:3)
  5 shadows
  3 wyverns
  6 wraiths (D:10)
  A vampire (D:10)
  7 vampire mosquitoes
  25 yaks
  2 redbacks (Lair:2)
  4 basilisks
  A steam dragon (D:5)
  Menkaure (D:5)
  2 swamp worms (Lair:2)
  6 wargs (D:10)
  5 water moccasins
  3 orc warriors
  2 black bears
  4 wolves (Lair:2)
  7 centaurs
  2 ogres
  A phantom (D:5)
  2 necrophages
  2 gnoll sergeants
  7 bullfrogs
  2 scorpions
  14 wights
  A howler monkey (D:5)
  2 orc priests
  2 jellies (D:5)
  A hound (D:7)
  Natasha (thrice) (D:4)
  8 iguanas
  7 orc wizards
  5 hell rats
  3 centaur simulacra (D:10)
  6 gnolls
  7 adders
  8 river rats (Lair:2)
  6 shadow imps
  2 ufetubi
  2 worms (D:2)
  A dart slug (D:2)
  28 orcs
  11 ball pythons
  5 bats
  8 endoplasms
  7 giant cockroaches
  7 hobgoblins
  3 jackals (D:2)
  4 quokkas
  6 frilled lizards
  4 goblins
  9 kobolds
  3 rats
317 creatures vanquished.

Vanquished Creatures (others)
  2 fungi (Lair:2)
  25 plants
27 creatures vanquished.

Grand Total: 344 creatures vanquished

Notes
Turn   | Place    | Note
-------+----------+-------------------------------------------
     0 | D:1      | qw the Troll Cinder Acolyte began the quest for the Orb.
     0 | D:1      | Reached XP level 1. HP: 22/22 MP: 1/1
     0 | D:1      | 0 ||| qw: Version: 0.1-a-97-g2dd2ca4
     0 | D:1      | 0 ||| qw: Game counter: 4740
     0 | D:1      | 0 ||| qw: Always use a shield: true
     0 | D:1      | 0 ||| qw: God list: Okawaru
     0 | D:1      | 0 ||| qw: Allow faded altars: false
     0 | D:1      | 0 ||| qw: Do Orc after D:15 true
     0 | D:1      | 0 ||| qw: Do second Lair branch before Depths: true
     0 | D:1      | 0 ||| qw: Lair rune preference: random
     0 | D:1      | 0 ||| qw: Plans: Normal
     0 | D:1      | 0 ||| PLANNING D:1-11
    48 | D:1      | 48 ||| Stepping ~*~*~tactically~*~*~ (stealth).
   107 | D:1      | Reached XP level 2. HP: 27/29 MP: 2/2
   156 | D:1      | 156 ||| Stepping ~*~*~tactically~*~*~ (outnumbered).
   157 | D:1      | 157 ||| Stepping ~*~*~tactically~*~*~ (outnumbered).
   370 | D:1      | Reached skill level 4 in Unarmed Combat
   419 | D:1      | 419 ||| Stepping ~*~*~tactically~*~*~ (stealth).
   431 | D:1      | Found a faded altar of an unknown god.
   515 | D:1      | Reached XP level 3. HP: 30/36 MP: 3/3
   630 | D:1      | 630 ||| Stepping ~*~*~tactically~*~*~ (stealth).
   631 | D:1      | 631 ||| Stepping ~*~*~tactically~*~*~ (stealth).
   785 | D:1      | 785 ||| READING 3 scrolls labelled FETWYFAMITH.
   786 | D:1      | 786 ||| READING scroll labelled CIOPAE RIEGIR.
   787 | D:1      | 787 ||| READING scroll labelled UCWAC ZIHO.
   791 | D:1      | 791 ||| READING scroll labelled HANEC PUORR.
   792 | D:1      | 792 ||| DRINKING 2 murky ruby potions.
   793 | D:1      | 793 ||| DROPPING potion of flight.
   794 | D:1      | 794 ||| DROPPING 2 scrolls of fog.
   822 | D:2      | 822 ||| STAIRDANCE
  1023 | D:2      | Reached XP level 4. HP: 39/44 MP: 4/4
  1036 | D:2      | 1036 ||| Stepping ~*~*~tactically~*~*~ (stealth).
  1037 | D:2      | 1037 ||| Stepping ~*~*~tactically~*~*~ (stealth).
  1086 | D:2      | Reached skill level 5 in Unarmed Combat
  1109 | D:2      | 1109 ||| Stepping ~*~*~tactically~*~*~ (stealth).
  1208 | D:2      | You fall into a shaft and drop 2 floors!
  1214 | D:4      | 1214 ||| Stepping ~*~*~tactically~*~*~ (stealth).
  1277 | D:4      | 1277 ||| Stepping ~*~*~tactically~*~*~ (stealth).
  1318 | D:4      | 1318 ||| READING scroll labelled YDOUWU WUCWEO.
  1319 | D:4      | 1319 ||| READING scroll labelled EKKA HIASIRITUM.
  1320 | D:4      | 1320 ||| READING 2 scrolls labelled PEABLANG PAQE.
  1321 | D:4      | 1321 ||| READING 2 scrolls labelled SICSAUDINN.
  1322 | D:4      | 1322 ||| DRINKING 2 cyan potions.
  1323 | D:4      | 1323 ||| DROPPING scroll of blinking.
  1416 | D:2      | 1416 ||| Stepping ~*~*~tactically~*~*~ (stealth).
  1418 | D:2      | 1418 ||| Stepping ~*~*~tactically~*~*~ (stealth).
  1427 | D:2      | Reached XP level 5. HP: 46/50 MP: 5/5
  1439 | D:2      | 1439 ||| Stepping ~*~*~tactically~*~*~ (stealth).
  1440 | D:2      | 1440 ||| Stepping ~*~*~tactically~*~*~ (stealth).
  1441 | D:2      | 1441 ||| Stepping ~*~*~tactically~*~*~ (stealth).
  1449 | D:2      | 1449 ||| Stepping ~*~*~tactically~*~*~ (hiding).
  1497 | D:2      | 1497 ||| UPGRADING to ring of positive energy.
  1627 | D:3      | 1627 ||| Stepping ~*~*~tactically~*~*~ (stealth).
  1880 | D:3      | 1880 ||| Stepping ~*~*~tactically~*~*~ (stealth).
  1886 | D:3      | 1886 ||| Stepping ~*~*~tactically~*~*~ (outnumbered).
  1887 | D:3      | 1887 ||| Stepping ~*~*~tactically~*~*~ (outnumbered).
  1888 | D:3      | 1888 ||| Stepping ~*~*~tactically~*~*~ (outnumbered).
  1889 | D:3      | 1889 ||| Stepping ~*~*~tactically~*~*~ (outnumbered).
  1890 | D:3      | 1890 ||| Stepping ~*~*~tactically~*~*~ (outnumbered).
  1891 | D:3      | 1891 ||| Stepping ~*~*~tactically~*~*~ (outnumbered).
  1892 | D:3      | 1892 ||| Stepping ~*~*~tactically~*~*~ (outnumbered).
  1893 | D:3      | 1893 ||| Stepping ~*~*~tactically~*~*~ (outnumbered).
  1894 | D:3      | 1894 ||| Stepping ~*~*~tactically~*~*~ (outnumbered).
  1895 | D:3      | 1895 ||| Stepping ~*~*~tactically~*~*~ (outnumbered).
  1899 | D:3      | Reached skill level 6 in Unarmed Combat
  2042 | D:3      | Noticed Sigmund
  2043 | D:3      | 2043 ||| Stepping ~*~*~tactically~*~*~ (hiding).
  2056 | D:3      | Killed Sigmund
  2057 | D:3      | Reached skill level 7 in Unarmed Combat
  2057 | D:3      | Reached XP level 6. HP: 43/59 MP: 6/6
  2225 | D:3      | 2225 ||| READING scroll labelled UQEBBUA VIKKAT.
  2326 | D:3      | 2326 ||| READING scroll labelled KIHYNW BOSO.
  2327 | D:3      | 2327 ||| DRINKING 2 yellow potions.
  2328 | D:3      | 2328 ||| READING 2 scrolls of identify.
  2328 | D:3      | 2328 ||| IDENTIFYING brown potion
  2329 | D:3      | 2329 ||| DROPPING potion of attraction.
  2330 | D:3      | 2330 ||| READING 2 scrolls of teleportation.
  2398 | D:3      | 2398 ||| READING scroll of teleportation.
  2399 | D:3      | 2399 ||| STAIRDANCE
  2431 | D:4      | Found Becsa's Magic Scroll Shop.
  2433 | D:4      | 2433 ||| BUYING scroll of identify (22 gold).
  2433 | D:4      | Bought a scroll of identify for 22 gold pieces
  2433 | D:4      | 2433 ||| BUYING scroll of teleportation (33 gold).
  2433 | D:4      | Bought a scroll of teleportation for 33 gold pieces
  2459 | D:4      | Noticed Natasha
  2460 | D:4      | 2460 ||| Stepping ~*~*~tactically~*~*~ (hiding).
  2463 | D:4      | Killed Natasha
  2623 | D:4      | Reached skill level 8 in Unarmed Combat
  2648 | D:4      | Noticed Natasha
  2653 | D:4      | Killed Natasha
  2654 | D:4      | Reached XP level 7. HP: 60/66 MP: 7/7
  2753 | D:4      | Noticed Natasha
  2754 | D:4      | 2754 ||| Stepping ~*~*~tactically~*~*~ (stealth).
  2756 | D:4      | 2756 ||| Stepping ~*~*~tactically~*~*~ (hiding).
  2761 | D:4      | Killed Natasha
  2762 | D:4      | 2762 ||| Stepping ~*~*~tactically~*~*~ (stealth).
  2765 | D:4      | 2765 ||| Stepping ~*~*~tactically~*~*~ (stealth).
  2772 | D:4      | Reached skill level 3 in Fighting
  2868 | D:4      | 2868 ||| UPGRADING to ring of resist corrosion.
  2869 | D:4      | 2869 ||| READING scroll labelled LEYTHERRUR.
  2898 | D:4      | 2898 ||| READING 2 scrolls of identify.
  2898 | D:4      | 2898 ||| IDENTIFYING murky amethyst potion
  2899 | D:4      | 2899 ||| DROPPING potion of lignification.
  3005 | D:3      | 3005 ||| READING scroll of teleportation.
  3034 | D:5      | Entered Level 5 of the Dungeon
  3193 | D:5      | Found a radiant altar of Vehumet.
  3204 | D:5      | Found a stormy altar of Qazlal.
  3209 | D:5      | Found a sacrificial altar of Ru.
  3213 | D:5      | Found a glowing golden altar of the Shining One.
  3213 | D:5      | Found a glowing silver altar of Zin.
  3213 | D:5      | Found the +3 robe of Clouds {*Thunder rCloud rElec}
  3279 | D:5      | Found an opulent altar of Gozag.
  3468 | D:5      | Reached skill level 9 in Unarmed Combat
  3503 | D:5      | Noticed a steam dragon
  3516 | D:5      | Killed a steam dragon
  3517 | D:5      | Reached XP level 8. HP: 45/75 MP: 8/8
  3630 | D:5      | Noticed Menkaure
  3631 | D:5      | 3631 ||| INVOKING Fiery Armour.
  3635 | D:5      | 3635 ||| Stepping ~*~*~tactically~*~*~ (outnumbered).
  3636 | D:5      | 3636 ||| Stepping ~*~*~tactically~*~*~ (outnumbered).
  3638 | D:5      | Reached skill level 1 in Dodging
  3640 | D:5      | HP: 17/75 [Menkaure (16)]
  3641 | D:5      | 3641 ||| DRINKING potion of heal wounds.
  3642 | D:5      | Killed Menkaure
  3893 | D:5      | Found a broken altar of Ashenzari.
  3931 | D:5      | Found an ancient bone altar of Kikubaaqudgha.
  4073 | D:5      | 4073 ||| Stepping ~*~*~tactically~*~*~ (hiding).
  4363 | D:5      | 4363 ||| UPGRADING to +3 robe of Clouds {*Thunder rCloud
                  | rElec}.
  4373 | D:5      | 4373 ||| DROPPING +0 robe.
  4374 | D:5      | 4374 ||| READING scroll labelled OQO APTUBBIUCSYG.
  4430 | D:6      | 4430 ||| Stepping ~*~*~tactically~*~*~ (hiding).
  4431 | D:6      | 4431 ||| Stepping ~*~*~tactically~*~*~ (hiding).
  4437 | D:6      | Reached skill level 10 in Unarmed Combat
  4606 | D:6      | 4606 ||| Stepping ~*~*~tactically~*~*~ (stealth).
  4607 | D:6      | 4607 ||| Stepping ~*~*~tactically~*~*~ (stealth).
  4608 | D:6      | 4608 ||| Stepping ~*~*~tactically~*~*~ (stealth).
  4611 | D:6      | 4611 ||| Stepping ~*~*~tactically~*~*~ (stealth).
  4612 | D:6      | 4612 ||| Stepping ~*~*~tactically~*~*~ (hiding).
  4616 | D:6      | 4616 ||| Stepping ~*~*~tactically~*~*~ (hiding).
  4619 | D:6      | 4619 ||| Stepping ~*~*~tactically~*~*~ (outnumbered).
  4622 | D:6      | 4622 ||| Stepping ~*~*~tactically~*~*~ (outnumbered).
  4623 | D:6      | 4623 ||| Stepping ~*~*~tactically~*~*~ (outnumbered).
  4628 | D:6      | 4628 ||| Stepping ~*~*~tactically~*~*~ (stealth).
  4732 | D:6      | 4732 ||| Stepping ~*~*~tactically~*~*~ (hiding).
  5123 | D:6      | 5123 ||| UPGRADING to ring of protection from cold.
  5125 | D:6      | 5125 ||| UPGRADING to +6 ring of strength.
  5127 | D:6      | 5127 ||| UPGRADING to ring of protection from cold.
  5129 | D:6      | 5129 ||| DRINKING 2 smoky brown potions.
  5130 | D:6      | 5130 ||| DROPPING potion of brilliance.
  5266 | D:7      | 5266 ||| FLEEEEING.
  5267 | D:7      | 5267 ||| FLEEEEING.
  5268 | D:7      | 5268 ||| FLEEEEING.
  5269 | D:7      | 5269 ||| FLEEEEING.
  5270 | D:7      | 5270 ||| FLEEEEING.
  5271 | D:7      | 5271 ||| FLEEEEING.
  5274 | D:7      | 5274 ||| FLEEEEING.
  5275 | D:7      | 5275 ||| FLEEEEING.
  5276 | D:7      | 5276 ||| FLEEEEING.
  5277 | D:7      | 5277 ||| FLEEEEING.
  5278 | D:7      | 5278 ||| FLEEEEING.
  5279 | D:7      | 5279 ||| FLEEEEING.
  5280 | D:7      | 5280 ||| FLEEEEING.
  5281 | D:7      | 5281 ||| FLEEEEING.
  5348 | D:7      | 5348 ||| Stepping ~*~*~tactically~*~*~ (stealth).
  5353 | D:7      | 5353 ||| Stepping ~*~*~tactically~*~*~ (stealth).
  5364 | D:7      | Found a staircase to the Ecumenical Temple.
  5454 | D:7      | Reached skill level 11 in Unarmed Combat
  5454 | D:7      | Reached XP level 9. HP: 78/84 MP: 9/9
  5741 | D:7      | 5741 ||| DRINKING 3 fizzy golden potions.
  5741 | D:7      | Gained mutation: You are strong-willed. (Will+) [potion of
                  | mutation]
  5742 | D:7      | 5742 ||| READING 2 scrolls of identify.
  5742 | D:7      | 5742 ||| IDENTIFYING metallic coppery potion
  5799 | D:8      | Noticed a boulder beetle
  5834 | D:8      | Noticed Prince Ribbit
  5843 | D:8      | Killed Prince Ribbit
  5844 | D:8      | Reached skill level 12 in Unarmed Combat
  6046 | D:8      | Found an ornate altar of the Wu Jian Council.
  6097 | D:8      | Found a shimmering altar of Xom.
  6208 | D:8      | 6208 ||| Stepping ~*~*~tactically~*~*~ (hiding).
  6209 | D:8      | 6209 ||| Stepping ~*~*~tactically~*~*~ (hiding).
  6210 | D:8      | 6210 ||| Stepping ~*~*~tactically~*~*~ (hiding).
  6220 | D:8      | 6220 ||| INVOKING Fiery Armour.
  6220 | D:8      | HP: 19/81 [wight/+3 war axe of freezing (3)]
  6221 | D:8      | 6221 ||| READING scroll of teleportation.
  6222 | D:8      | 6222 ||| DRINKING potion of heal wounds.
  6320 | D:8      | Noticed Joseph
  6329 | D:8      | Killed Joseph
  6425 | D:8      | 6425 ||| UPGRADING to ring of poison resistance.
  6427 | D:8      | 6427 ||| UPGRADING to +6 ring of strength.
  6429 | D:8      | 6429 ||| READING scroll labelled GED MI XUE.
  6469 | D:9      | 6469 ||| INVOKING Fiery Armour.
  6473 | D:9      | 6473 ||| Stepping ~*~*~tactically~*~*~ (outnumbered).
  6474 | D:9      | 6474 ||| Stepping ~*~*~tactically~*~*~ (outnumbered).
  6477 | D:9      | Reached skill level 13 in Unarmed Combat
  6477 | D:9      | 6477 ||| Stepping ~*~*~tactically~*~*~ (outnumbered).
  6478 | D:9      | 6478 ||| Stepping ~*~*~tactically~*~*~ (outnumbered).
  6479 | D:9      | 6479 ||| Stepping ~*~*~tactically~*~*~ (outnumbered).
  6481 | D:9      | Reached XP level 10. HP: 70/96 MP: 10/10
  6560 | D:9      | Noticed Erolcha
  6561 | D:9      | 6561 ||| Stepping ~*~*~tactically~*~*~ (hiding).
  6578 | D:9      | Killed Erolcha
  6821 | D:9      | 6821 ||| Stepping ~*~*~tactically~*~*~ (outnumbered).
  6830 | D:9      | Reached skill level 14 in Unarmed Combat
  6864 | D:9      | 6864 ||| Stepping ~*~*~tactically~*~*~ (outnumbered).
  6865 | D:9      | 6865 ||| Stepping ~*~*~tactically~*~*~ (hiding).
  6869 | D:9      | 6869 ||| Stepping ~*~*~tactically~*~*~ (hiding).
  6979 | D:9      | Found a flagged portal.
  7168 | D:9      | 7168 ||| DROPPING +6 ring of intelligence.
  7169 | D:9      | 7169 ||| DRINKING 2 lumpy red potions.
  7170 | D:9      | 7170 ||| READING 2 scrolls of identify.
  7170 | D:9      | 7170 ||| IDENTIFYING murky sapphire potion
  7171 | D:9      | 7171 ||| DROPPING potion of degeneration.
  7172 | D:9      | 7172 ||| DROPPING potion of magic.
  7194 | D:10     | Entered Level 10 of the Dungeon
  7194 | D:10     | Found Zaodwaji's Weapon Shoppe.
  7300 | D:10     | Reached skill level 6 in Fighting
  7401 | D:10     | Found a blossoming altar of Fedhas.
  7520 | D:10     | 7520 ||| Stepping ~*~*~tactically~*~*~ (stealth).
  7530 | D:10     | 7530 ||| Stepping ~*~*~tactically~*~*~ (stealth).
  7533 | D:10     | 7533 ||| Stepping ~*~*~tactically~*~*~ (stealth).
  7536 | D:10     | 7536 ||| Stepping ~*~*~tactically~*~*~ (stealth).
  7537 | D:10     | 7537 ||| Stepping ~*~*~tactically~*~*~ (stealth).
  7538 | D:10     | 7538 ||| Stepping ~*~*~tactically~*~*~ (stealth).
  7541 | D:10     | 7541 ||| Stepping ~*~*~tactically~*~*~ (outnumbered).
  7542 | D:10     | 7542 ||| Stepping ~*~*~tactically~*~*~ (outnumbered).
  7596 | D:10     | 7596 ||| Stepping ~*~*~tactically~*~*~ (stealth).
  7598 | D:10     | 7598 ||| Stepping ~*~*~tactically~*~*~ (hiding).
  7598 | D:10     | Found a staircase to the Orcish Mines.
  7599 | D:10     | 7599 ||| INVOKING Fiery Armour.
  7600 | D:10     | 7600 ||| Stepping ~*~*~tactically~*~*~ (hiding).
  7605 | D:10     | Reached skill level 15 in Unarmed Combat
  7672 | D:10     | 7672 ||| Stepping ~*~*~tactically~*~*~ (stealth).
  7676 | D:10     | 7676 ||| Stepping ~*~*~tactically~*~*~ (stealth).
  7678 | D:10     | Noticed a gargoyle
  7679 | D:10     | 7679 ||| Stepping ~*~*~tactically~*~*~ (stealth).
  7681 | D:10     | 7681 ||| Stepping ~*~*~tactically~*~*~ (hiding).
  7685 | D:10     | Reached XP level 11. HP: 105/105 MP: 11/11
  7754 | D:10     | Found a hazy altar of Hepliaklqana.
  7816 | D:10     | 7816 ||| Stepping ~*~*~tactically~*~*~ (stealth).
  7831 | D:10     | 7831 ||| Stepping ~*~*~tactically~*~*~ (outnumbered).
  7960 | D:10     | Reached skill level 16 in Unarmed Combat
  7983 | D:10     | 7983 ||| Stepping ~*~*~tactically~*~*~ (hiding).
  8024 | D:10     | 8024 ||| INVOKING Fiery Armour.
  8032 | D:10     | 8032 ||| Stepping ~*~*~tactically~*~*~ (stealth).
  8261 | D:10     | Found an ancient bone altar of Kikubaaqudgha.
  8281 | D:10     | 8281 ||| INVOKING Fiery Armour.
  8352 | D:10     | Identified the +2 fire dragon scales "Zaziatz" {Drain rF++
                  | rC- Will+ Int+4}
  8354 | D:10     | Identified the amulet of the Lion {RegenMP Rampage SInv}
  8527 | D:10     | Reached skill level 17 in Unarmed Combat
  8532 | D:10     | 8532 ||| Stepping ~*~*~tactically~*~*~ (stealth).
  8667 | D:10     | 8667 ||| DROPPING +0 troll leather armour.
  8668 | D:10     | 8668 ||| UPGRADING to +2 fire dragon scales "Zaziatz"
                  | {Drain rF++ rC- Will+ Int+4}.
  8678 | D:10     | 8678 ||| DROPPING +3 robe of Clouds {*Thunder rCloud
                  | rElec}.
  8679 | D:10     | 8679 ||| UPGRADING to amulet of the Lion {RegenMP Rampage
                  | SInv}.
  8711 | D:11     | Reached skill level 1 in Armour
  8712 | D:11     | Noticed a two-headed ogre
  8716 | D:11     | Killed a two-headed ogre
  8717 | D:11     | Reached XP level 12. HP: 116/118 MP: 12/12
  8737 | D:11     | 8737 ||| Stepping ~*~*~tactically~*~*~ (hiding).
  8751 | D:11     | Reached skill level 3 in Throwing
  8809 | D:11     | Found a staircase to the Lair.
  8952 | D:11     | 8952 ||| Stepping ~*~*~tactically~*~*~ (stealth).
  8962 | D:11     | 8962 ||| Stepping ~*~*~tactically~*~*~ (outnumbered).
  8963 | D:11     | 8963 ||| Stepping ~*~*~tactically~*~*~ (outnumbered).
  9049 | D:11     | 9049 ||| FLEEEEING.
  9342 | D:11     | 9342 ||| PLANNING LAIR
  9342 | D:11     | 9342 ||| READING scroll labelled OFOTAB MUNNUWK.
  9409 | Lair:1   | Entered Level 1 of the Lair of Beasts
  9441 | Lair:1   | Reached skill level 3 in Armour
  9744 | Lair:1   | Noticed a five-headed hydra
  9745 | Lair:1   | 9745 ||| Stepping ~*~*~tactically~*~*~ (hiding).
  9747 | Lair:1   | 9747 ||| INVOKING Fiery Armour.
  9749 | Lair:1   | Killed a seven-headed hydra
  9789 | Lair:1   | 9789 ||| Stepping ~*~*~tactically~*~*~ (hiding).
  9796 | Lair:1   | Reached skill level 6 in Throwing
 10075 | Lair:1   | 10075 ||| Stepping ~*~*~tactically~*~*~ (stealth).
 10077 | Lair:1   | 10077 ||| Stepping ~*~*~tactically~*~*~ (stealth).
 10083 | Lair:1   | 10083 ||| Stepping ~*~*~tactically~*~*~ (outnumbered).
 10084 | Lair:1   | 10084 ||| Stepping ~*~*~tactically~*~*~ (outnumbered).
 10267 | Lair:1   | 10267 ||| READING scroll labelled IGAW HEGOYJUFF.
 10268 | Lair:1   | 10268 ||| READING scroll labelled YWUM IQALAOL.
 10268 | Lair:1   | Identified a scroll of acquirement
 10268 | Lair:1   | 10268 ||| ACQUIRING +2 hood of the Assassin {Detection
                  | Stab+ Stlth++}
 10268 | Lair:1   | Acquired the +2 hood of the Assassin {Detection Stab+
                  | Stlth++}
 10268 | Lair:1   | Found the +2 hood of the Assassin {Detection Stab+ Stlth++}
 10270 | Lair:1   | 10270 ||| UPGRADING to +2 hood of the Assassin {Detection
                  | Stab+ Stlth++}.
 10331 | Lair:2   | Noticed a four-headed hydra
 10331 | Lair:2   | 10331 ||| Stepping ~*~*~tactically~*~*~ (stealth).
 10351 | Lair:2   | 10351 ||| Stepping ~*~*~tactically~*~*~ (stealth).
 10352 | Lair:2   | 10352 ||| Stepping ~*~*~tactically~*~*~ (stealth).
 10364 | Lair:2   | 10364 ||| INVOKING Fiery Armour.
 10366 | Lair:2   | 10366 ||| Stepping ~*~*~tactically~*~*~ (stealth).
 10369 | Lair:2   | Killed a six-headed hydra
 10403 | Lair:2   | Found a hole to the Spider Nest.
 10438 | Lair:2   | 10438 ||| Stepping ~*~*~tactically~*~*~ (outnumbered).
 10439 | Lair:2   | 10439 ||| Stepping ~*~*~tactically~*~*~ (outnumbered).
 10440 | Lair:2   | 10440 ||| Stepping ~*~*~tactically~*~*~ (outnumbered).
 10719 | Lair:2   | Reached skill level 18 in Unarmed Combat
 10725 | Lair:2   | 10725 ||| Stepping ~*~*~tactically~*~*~ (stealth).
 10779 | Lair:2   | 10779 ||| Stepping ~*~*~tactically~*~*~ (stealth).
 11244 | Lair:2   | Found a staircase to the Swamp.
 11245 | Lair:2   | 11245 ||| INVOKING Fiery Armour.
 11246 | Lair:2   | 11246 ||| Stepping ~*~*~tactically~*~*~ (cloud).
 11249 | Lair:2   | HP: 29/118 [swamp worm (9)]
 11250 | Lair:2   | 11250 ||| READING 3 scrolls of teleportation.
 11252 | Lair:2   | Slain by a bog body

Levels and vault maps discovered:
D:1:      minmay_arrival_jagged, layout_loops_ring,
          dilly_ecumenical_altar_fadedgnrine, minivault_14,
          minmay_split_cup_large
D:2:      minmay_chambers_of_twos, layout_rooms
D:3:      layout_basic, nicolae_elevator_lobby_plus, uniq_sigmund
D:4:      layout_rooms, serial_shops, shop, minmay_misc_feat_enclosed,
          uniq_natasha
D:5:      cheibrodos_quashed, layout_basic, nicolae_gozag_seed_capital,
          grunt_temple_overflow_open, vehumet_crystals,
          mainiacjoe_overflow_two_lobes, hangedman_decor_clover_reticule,
          nicolae_figureground_sparkle, uniq_menkaure
D:6:      layout_gridville
D:7:      layout_basic, minmay_temple_entry_arrows
D:8:      layout_rooms, lemuel_crystal_altar,
          mainiacjoe_overflow_surrounded_room, onia_ninara_dug_in_and_dangerous,
          uniq_prince_ribbit1, uniq_joseph
D:9:      layout_basic, enter_bailey_8, uniq_erolcha
D:10:     lemuel_vampire_tower, layout_loops_ring, lemuel_round_altar,
          nicolae_hepliaklqana_hazy_memory, david_orc_2, serial_shops, shop,
          minmay_misc_feat_iff
D:11:     layout_roguey, david_lair_shrubbed
Lair:1:   layout_loops_ring, serial_bayou_shore_b, lemuel_fruit_fields
Lair:2:   layout_gridlike, nicolae_swamp_entry_splash_gauntlet,
          spider_nest_entry_webs, chequers_serial_rivers_micro_b,
          serial_bayou_pond_d, kennysheep_rathole, grunt_megastairs_2

Skill      XL: |  1  2  3  4  5  6  7  8  9 10 11 12 |
---------------+-------------------------------------+-----
Unarmed Combat | 4 5 7 8 9 11 13 15 17 18 | 18.0
Fighting       | 3 4 5 6 7 |  7.1
Throwing       | 2 7 |  7.0
Dodging        | 1 2 |  2.3
Armour         | 2 4 |  4.2
Spellcasting   | |  1.0
Fire Magic     | |  2.1

Action                   |  1- 3 |  4- 6 |  7- 9 | 10-12 || total
-------------------------+-------+-------+-------+-------++-------
Melee: Unarmed           |    97 |   100 |   184 |   440 ||   821
       Punch             |     3 |     2 |     6 |    26 ||    37
Throw: Boomerang         |       |    29 |    49 |    23 ||   101
       Javelin           |       |       |       |     3 ||     3
       Large rock        |       |       |       |    44 ||    44
Invok: Fiery Armour      |       |       |     3 |     6 ||     9
  Use: Scroll            |     4 |     9 |     7 |     5 ||    25
       Potion            |     1 |     2 |     4 |     1 ||     8
Armor: Robe              |    22 |    34 |    69 |    58 ||   183
       Fire dragon scale |       |       |       |    61 ||    61
Dodge: Dodged            |    34 |    32 |    69 |   131 ||   266

Table legend:
 A = Non-vault XP
 B = Vault XP
 C = Vault XP percentage of total XP
 D = Non-vault monster count
 E = Vault monster count
 F = Vault count percentage of total count
                 A         B        C        D         E       F
            +---------+---------+-------+---------+---------+-------
      Total |   21202 |   15634 |  42.4 |     225 |      92 |  29.0
            +---------+---------+-------+---------+---------+-------
        D:1 |      41 |       9 |  18.0 |      26 |       5 |  16.1
        D:2 |      74 |      23 |  23.7 |      16 |       8 |  33.3
        D:3 |      41 |     214 |  83.9 |      17 |       1 |   5.6
        D:4 |     396 |      35 |   8.1 |      13 |       1 |   7.1
        D:5 |     854 |     172 |  16.8 |      20 |       1 |   4.8
        D:6 |     465 |       0 |   0.0 |      13 |       0 |   0.0
        D:7 |     957 |       0 |   0.0 |      16 |       0 |   0.0
        D:8 |    1082 |     766 |  41.5 |      16 |       2 |  11.1
        D:9 |    1506 |     837 |  35.7 |      21 |       1 |   4.5
       D:10 |    2997 |   10286 |  77.4 |      19 |      52 |  73.2
       D:11 |    4994 |     333 |   6.3 |      15 |       1 |   6.2
     Lair:1 |    4671 |       0 |   0.0 |      18 |       0 |   0.0
     Lair:2 |    3124 |    2959 |  48.6 |      15 |      20 |  57.1
            +---------+---------+-------+---------+---------+-------
